 Dungeon Crawl Stone Soup version 0.18.1-50-g88ac8fd (webtiles) character file.

73763 ololoev the Severer (level 15, -2/122 HPs)
             Began as a Demonspawn Fighter on Oct 13, 2016.
             Was the Champion of Makhleb.
             Slain by a golden dragon simulacrum (15 damage)
             ... in an ice cave.
             The game lasted 00:58:04 (6338 turns).

ololoev the Severer (Demonspawn Fighter)            Turns: 6338, Time: 00:58:05

Health: -2/122     AC: 39    Str: 22    XL:     15   Next: 4%
Magic:  0/24       EV: 11    Int: 12    God:    Makhleb [******]
Gold:   1003       SH:  0    Dex: 13    Spells: 0 memorised, 14 levels left

rFire  + + +     SeeInvis .     a - +1 battleaxe (chop)
rCold  + . .     Gourm    .     v - +15 Maxwell's patent armour {-Cast -Tele rElec MR+ rCorr}
rNeg   . . .     Faith    .     (shield currently unavailable)
rPois  +         Spirit   +     y - +0 helmet of Vatuh {Regen+ Int+2}
rElec  +         Dismiss  .     h - +1 cloak {rPois}
rCorr  +         Reflect  .     (no gloves)
SustAt .         Harm     .     p - +0 pair of boots {rF+}
MR     ++...     NoTele   +     (no amulet)
Stlth  .......... NoCast   +    (no ring)
                                m - +3 ring of evasion

@: resistant, slowed, very slow, very resistant to hostile enchantments,
extremely unstealthy
A: talons 1, molten scales 3, spiny 3, magic shield
a: Minor Destruction, Lesser Servant of Makhleb, Major Destruction, Greater
Servant of Makhleb, Renounce Religion


Innate Abilities, Weirdness & Mutations

You have sharp toenails.
You are completely covered in molten scales (AC +4, EV -1, rF+).
You are completely covered in sharp spines.
When hurt, damage is shared between your health and your magic reserves.

Inventory:

Hand Weapons
 a - a +1 battleaxe of chopping (weapon)
 b - a +1 halberd of flaming
Armour
 h - a +1 cloak of poison resistance (worn)
 p - a +0 pair of boots of fire resistance (worn)
 v - the +15 Maxwell's patent armour (worn) {-Cast -Tele rElec MR+ rCorr}
   (You found it in a bailey)

   It insulates you from electricity.
   It affects your resistance to hostile enchantments.
   It prevents spellcasting.
   It prevents most forms of teleportation.
   It protects you from acid and corrosion.
 y - the +0 helmet of Vatuh (worn) {Regen+ Int+2}
   (You found it on level 1 of the Lair of Beasts)

   It affects your intelligence (+2).
   It increases your rate of regeneration.
Jewellery
 m - a +3 ring of evasion (left hand)
Wands
 A - a wand of disintegration (8/24)
 D - a wand of heal wounds (6/9)
Scrolls
 e - 9 scrolls of teleportation
 k - 4 scrolls of remove curse
 l - a scroll of recharging
 u - 4 scrolls of blinking
 w - 3 scrolls of enchant weapon
 C - a scroll of identify
Potions
 c - 2 potions of resistance
 d - 4 potions of heal wounds
 i - 2 potions of agility
 n - 8 potions of curing
 s - a potion of berserk rage
 x - 2 potions of flight
 B - a potion of might
Miscellaneous
 j - a disc of storms
 t - a phantom mirror
Comestibles
 f - 6 bread rations
 g - 7 fruits
 o - 2 slices of pizza
 q - 6 meat rations
 r - 6 beef jerkies


   Skills:
 + Level 12.7 Fighting
 * Level 15.4 Axes
 + Level 11.7 Armour
 + Level 4.6 Dodging
   Level 2.6 Shields
 + Level 12.6 Invocations


You had 14 spell levels left.
You didn't know any spells.
You were in an ice cave. You worshipped Makhleb. Makhleb was exalted by your worship. You were not hungry. You visited 4 branches of the dungeon, and saw 23 of its levels. You also visited: Bailey, Ice Cave and Volcano. You collected 1987 gold pieces. You spent 984 gold pieces at shops. ≈≈≈≈≈≈≈≈####..## ≈≈≈≈≈≈≈≈≈###..## #≈≈#≈≈≈≈ ###..# #####≈≈≈####≈≈.## . ###...##≈≈≈#≈≈#### 1Z ##..##..≈#≈≈≈≈## W44 #..#####.≈≈#≈≈≈# .ZWZ ########4Z#..#######≈≈≈# #...##.§§##...#@.#.###.###≈≈≈≈≈ #.Z.##Z.Z########.#.⌠.# ##### ########## ##.#.## #####

Notes
Turn   | Place    | Note
--------------------------------------------------------------
     0 | D:1      | ololoev the Demonspawn Fighter began the quest for the Orb.
     0 | D:1      | Reached XP level 1. HP: 18/18 MP: 1/1
     6 | D:1      | Noticed a hog
     6 | D:1      | Noticed a swamp drake
     6 | D:1      | Noticed a black bear
     6 | D:1      | Noticed an anaconda
     6 | D:1      | Noticed a lindwurm
    11 | D:1      | Reached skill level 2 in Axes
    64 | D:1      | Gained mutation: You are partially covered in sharp spines. [demonic ancestry]
    64 | D:1      | Reached XP level 2. HP: 24/24 MP: 2/2
   109 | D:2      | Found a shimmering altar of Xom.
   110 | D:2      | Found a shimmering altar of Xom.
   110 | D:2      | Found a shimmering altar of Xom.
   110 | D:2      | Found a shimmering altar of Xom.
   110 | D:2      | Found a shimmering altar of Xom.
   178 | D:2      | Found a shadowy altar of Dithmenos.
   178 | D:2      | Found a basalt altar of Yredelemnul.
   178 | D:2      | Found a snail-covered altar of Cheibriados.
   178 | D:2      | Found an iron altar of Okawaru.
   184 | D:2      | Found a bloodstained altar of Trog.
   184 | D:2      | Found a burning altar of Makhleb.
   193 | D:2      | Became a worshipper of Makhleb the Destroyer
   241 | D:3      | Gained mutation: When hurt, damage is shared between your health and your magic reserves. [demonic ancestry]
   241 | D:3      | Reached XP level 3. HP: 29/29 MP: 3/3
   270 | D:3      | Noticed Crazy Yiuf
   287 | D:3      | Killed Crazy Yiuf
   402 | D:3      | Reached skill level 3 in Axes
   423 | D:3      | Noticed Terence
   458 | D:3      | Killed Terence
   458 | D:3      | Reached XP level 4. HP: 6/37 MP: 4/4
   532 | D:3      | Noticed Sigmund
   538 | D:3      | Killed Sigmund
   538 | D:3      | Reached skill level 4 in Axes
   538 | D:3      | Gained mutation: You are partially covered in molten scales (AC +1). [demonic ancestry]
   538 | D:3      | Reached XP level 5. HP: 18/42 MP: 3/5
   559 | D:3      | DEFE: hi
   559 | D:3      | DEFE: зацени мою игру
   559 | D:3      | DEFE: там еррор
   559 | D:3      | Goblin1989: сек
   559 | D:3      | Goblin1989: как-то не очень понятно написано
   559 | D:3      | ReniFell: Че как оно, словинские
   559 | D:3      | Goblin1989: хей, земляк
   559 | D:3      | Goblin1989: скушна
   600 | D:3      | Reached XP level 6. HP: 31/48 MP: 6/6
   654 | D:2      | Found a faded altar to an unknown god.
   738 | D:4      | Reached * piety under Makhleb
   789 | D:5      | Entered Level 5 of the Dungeon
   796 | D:5      | Reached skill level 5 in Axes
   802 | D:5      | Gained mutation: You are mostly covered in sharp spines. [demonic ancestry]
   802 | D:5      | Reached XP level 7. HP: 55/55 MP: 7/7
   865 | D:6      | Reached skill level 5 in Fighting
   962 | D:8      | Reached skill level 1 in Invocations
   971 | D:8      | Reached skill level 6 in Axes
   985 | D:7      | Reached skill level 5 in Armour
  1046 | D:8      | Reached XP level 8. HP: 43/63 MP: 9/9
  1048 | D:8      | Found a blossoming altar of Fedhas.
  1051 | D:8      | Reached ** piety under Makhleb
  1142 | D:8      | Reached skill level 7 in Axes
  1254 | D:9      | Reached *** piety under Makhleb
  1273 | D:9      | Found an oddly glowing altar of Pakellas.
  1281 | D:9      | Gained mutation: You are mostly covered in molten scales (AC +3, EV -1). [demonic ancestry]
  1281 | D:9      | Reached XP level 9. HP: 70/70 MP: 12/12
  1310 | D:9      | Noticed Erica
  1325 | D:9      | Reached skill level 8 in Axes
  1327 | D:9      | Killed Erica
  1477 | D:9      | jacquesderrida: it me
  1477 | D:9      | jacquesderrida: i here
  1477 | D:9      | ololoev: yo jakk
  1477 | D:9      | Noticed Erolcha
  1487 | D:9      | Killed Erolcha
  1487 | D:9      | Reached skill level 9 in Axes
  1528 | D:10     | Entered Level 10 of the Dungeon
  1556 | D:10     | Gained mutation: You are completely covered in sharp spines. [demonic ancestry]
  1556 | D:10     | Reached XP level 10. HP: 73/79 MP: 13/13
  1683 | D:11     | Noticed a red ugly thing
  1692 | D:11     | Killed a red ugly thing
  1719 | D:11     | Found a staircase to the Lair.
  1719 | D:11     | Reached **** piety under Makhleb
  1758 | D:11     | jacquesderrida: yoooooooooooooooooooooo
  1768 | D:11     | Found a portal to a secret trove of treasure.
  1783 | D:11     | Reached skill level 10 in Axes
  1800 | D:11     | jacquesderrida: YES PLIS
  1837 | D:11     | Killed an unseen horror
  1955 | D:11     | Found a staircase to the Orcish Mines.
  2074 | D:11     | Found a flagged portal.
  2084 | Bailey   | Entered a bailey
  2168 | Bailey   | Noticed an orc high priest
  2170 | Bailey   | Noticed an orc sorcerer
  2170 | Bailey   | Found an iron altar of Okawaru.
  2176 | Bailey   | Killed an orc sorcerer
  2182 | Bailey   | Killed an orc high priest
  2188 | Bailey   | DEFE: opa
  2190 | Bailey   | DEFE: vse tuta
  2193 | Bailey   | Reached ***** piety under Makhleb
  2261 | Bailey   | jacquesderrida: ebat
  2261 | Bailey   | ololoev: ооооох!
  2261 | Bailey   | jacquesderrida: do it
  2261 | Bailey   | ololoev: но
  2261 | Bailey   | ololoev: -теле
  2261 | Bailey   | ololoev: хмм
  2261 | Bailey   | jacquesderrida: da huinya!
  2262 | Bailey   | DEFE: да бери
  2272 | Bailey   | DEFE: не корову же проигрываешь
  2272 | Bailey   | ololoev: 34АС
  2272 | Bailey   | ololoev: fuck tele
  2272 | Bailey   | jacquesderrida: armara mala
  2272 | Bailey   | DEFE: НИ НУ Ж НО
  2299 | Bailey   | Noticed varam's ghost (novice HOFi)
  2316 | Bailey   | Killed varam's ghost
  2316 | Bailey   | Reached XP level 11. HP: 68/87 MP: 10/14
  2328 | Bailey   | Reached skill level 11 in Axes
  2359 | Bailey   | Reached skill level 5 in Invocations
  2470 | Bailey   | Noticed an orc knight
  2484 | Bailey   | Killed an orc knight
  2528 | D:11     | ololoev: вот закоковарю сейчас пушку
  2528 | D:11     | ololoev: и получу грейтслинг
  2602 | Orc:1    | Entered Level 1 of the Orcish Mines
  2633 | Orc:1    | DEFE: dagger +0
  2633 | Orc:1    | DEFE: ты хотел сказать
  2644 | Orc:1    | jacquesderrida: >>>>>>>>>>>>>>>>>>>>>spines
  2658 | Orc:1    | jacquesderrida: >>>>>>>>>>>>>>>>>>>>nashel maksvela
  2658 | Orc:1    | jacquesderrida: Reeeee
  2658 | Orc:1    | ololoev: я хотел сказать ФУШТИБАЛУС
  2667 | Orc:1    | ololoev: но я же в 0.18
  2667 | Orc:1    | ololoev: потому сказал грейтслинг
  2676 | Orc:1    | jacquesderrida: ФУТАБИГБОЛЛУС
  2933 | Orc:1    | Found a dark tunnel.
  2934 | Orc:1    | Noticed an orc sorcerer
  2935 | Orc:1    | Noticed a sun demon
  2936 | Orc:1    | Killed an orc sorcerer
  2951 | Volcano  | Entered a volcano
  2976 | Volcano  | Noticed a lindwurm
  3003 | Volcano  | Killed a lindwurm
  3030 | Volcano  | jacquesderrida: Рубята, новый экспаншен пак к дарк солс 3 почти вышел!
  3034 | Volcano  | jacquesderrida: Ри
  3098 | Orc:2    | Entered Level 2 of the Orcish Mines
  3119 | Orc:2    | Noticed an ogre mage
  3120 | Orc:2    | ololoev: урки!
  3120 | Orc:2    | ololoev: бананиш!
  3130 | Orc:2    | Killed an ogre mage
  3131 | Orc:2    | Reached skill level 12 in Axes
  3143 | Orc:2    | Gained mutation: You have sharp toenails. [demonic ancestry]
  3143 | Orc:2    | Reached XP level 12. HP: 96/97 MP: 10/17
  3144 | Orc:2    | ololoev: ну блин
  3144 | Orc:2    | ololoev: вот как специально
  3144 | Orc:2    | ololoev: только нашел боты рФ
  3144 | Orc:2    | ololoev: думаю ок, хорошо подошли
  3144 | Orc:2    | ololoev: как начли расти когти
  3144 | Orc:2    | ololoev: на ногах
  3153 | Orc:2    | Noticed an ogre mage
  3160 | Orc:2    | Reached skill level 10 in Fighting
  3166 | Orc:2    | Killed an ogre mage
  3188 | Orc:2    | Found Raleu's Distillery.
  3188 | Orc:2    | Found Zuesuesoy's Antique Weapon Boutique.
  3188 | Orc:2    | Found Dipt's Assorted Antiques.
  3188 | Orc:2    | Found Heimussi's Gadget Shoppe.
  3209 | Orc:2    | Noticed an ogre mage
  3218 | Orc:2    | Killed an ogre mage
  3218 | Orc:2    | Reached ****** piety under Makhleb
  3240 | Orc:2    | Bought a wooden wand for 144 gold pieces
  3240 | Orc:2    | Bought a potion of heal wounds for 180 gold pieces
  3242 | Orc:2    | Bought a disc of storms for 300 gold pieces
  3243 | Orc:2    | Bought a potion of heal wounds for 90 gold pieces
  3243 | Orc:2    | Bought a potion of heal wounds for 90 gold pieces
  3243 | Orc:2    | Bought a potion of flight for 54 gold pieces
  3243 | Orc:2    | Bought a potion of degeneration for 18 gold pieces
  3243 | Orc:2    | Bought a potion of curing for 54 gold pieces
  3243 | Orc:2    | Bought a potion of curing for 54 gold pieces
  3252 | Orc:2    | Noticed an ogre mage
  3263 | Orc:2    | Killed an ogre mage
  3269 | Orc:2    | Found a staircase to the Elven Halls.
  3505 | Lair:1   | Entered Level 1 of the Lair of Beasts
  3548 | Lair:1   | Got a shimmering helmet
  3549 | Lair:1   | Identified the +0 helmet of Vatuh {Regen+ Int+2} (You found it on level 1 of the Lair of Beasts)
  3550 | Lair:1   | ololoev: GLOWING FUSTIBALUS!!
  3840 | Lair:4   | Reached skill level 13 in Axes
  3872 | Lair:5   | Noticed a death yak
  3872 | Lair:5   | Noticed a death yak
  3873 | Lair:5   | Noticed a death yak
  3873 | Lair:5   | Noticed a death yak
  3873 | Lair:5   | Noticed a death yak
  3877 | Lair:5   | Reached skill level 10 in Armour
  3882 | Lair:5   | Killed a death yak
  3885 | Lair:5   | Killed a death yak
  3886 | Lair:5   | Killed a death yak
  3894 | Lair:5   | Killed a death yak
  3897 | Lair:5   | Killed a death yak
  3897 | Lair:5   | Reached XP level 13. HP: 105/105 MP: 9/20
  3930 | Lair:5   | Got a steaming broad axe
  4044 | Lair:6   | Found a staircase to the Slime Pits.
  4062 | Lair:6   | Reached skill level 10 in Invocations
  4199 | Lair:8   | Entered Level 8 of the Lair of Beasts
  4508 | Lair:8   | Reached skill level 14 in Axes
  4828 | Lair:6   | jacquesderrida: 38 ЭЙ СИ
  4866 | Lair:6   | jacquesderrida: ЭЙ СИ КОЛОН ФЕТИ ЭЙТ
  4897 | Lair:6   | jacquesderrida: Bronirovanny laliev
  4916 | Lair:6   | Reached skill level 1 in Dodging
  4975 | Lair:6   | Reached XP level 14. HP: 99/114 MP: 18/22
  5423 | Lair:4   | Found a staircase to the Snake Pit.
  5613 | Snake:1  | Entered Level 1 of the Snake Pit
  5640 | Snake:1  | Noticed Rupert
  5654 | Snake:1  | Killed Rupert
  5654 | Snake:1  | Reached skill level 15 in Axes
  5869 | Snake:2  | Identified the Grimoire of Malediction and Creation
  5888 | Snake:2  | Noticed a greater naga
  5901 | Snake:2  | Killed a greater naga
  5905 | Snake:2  | Found a frozen archway.
  5929 | Snake:1  | DEFE: внезапно
  5941 | Snake:1  | DEFE: дроп ДА
  5987 | IceCv    | Entered an ice cave
  6015 | IceCv    | DEFE: баффает
  6016 | IceCv    | DEFE: беога
  6016 | IceCv    | DEFE: даешь всем фоллвоерам ДА
  6016 | IceCv    | ololoev: лол кстати да
  6128 | IceCv    | Noticed ololoev's ghost (journeyman DsFi)
  6130 | IceCv    | ololoev: опа
  6130 | IceCv    | ololoev: лол
  6130 | IceCv    | ololoev: пацан к успеху шел
  6137 | IceCv    | Killed ololoev's ghost
  6157 | IceCv    | Gained mutation: You are completely covered in molten scales (AC +4, EV -1, rF+). [demonic ancestry]
  6157 | IceCv    | Reached XP level 15. HP: 122/122 MP: 21/24
  6304 | IceCv    | Noticed an Ice Fiend
  6338 | IceCv    | Slain by a golden dragon simulacrum

Dungeon Overview and Level Annotations

Branches:
Dungeon (11/15)              Lair (8/8) D:11          Snake (2/4) Lair:4
  Slime (0/6) Lair:6          Orc (2/2) D:11            Elf (0/3) Orc:2
 Temple: D:4-7        Swamp: Lair:3-6    Shoals: Lair:3-6

Altars:
Cheibriados
Dithmenos
Fedhas
Makhleb
Okawaru
Pakellas
Trog
Xom
Yredelemnul

Shops:
Orc:2 }(*!

Portals:
Trove: D:11 (give 19 potions of curing)


Message History

The freezing wraith barely misses you.
The freezing wraith completely misses you.
Unknown command.
You closely miss the freezing wraith.
The freezing wraith is heavily damaged.
You closely miss the freezing wraith.
The freezing wraith is severely damaged.
The freezing wraith hits you! The freezing wraith freezes you!!
The freezing wraith hits you but does no damage.
The freezing wraith hits you! The freezing wraith freezes you!
The freezing wraith hits you but does no damage.
The freezing wraith is struck by your spines.
The freezing wraith hits you. The freezing wraith freezes you!!
The freezing wraith misses you.
You closely miss the freezing wraith.
The freezing wraith is almost destroyed.
The freezing wraith hits you but does no damage.
The freezing wraith misses you.
Unknown command.
You hit the freezing wraith.
The freezing wraith is almost destroyed.
The freezing wraith is struck by your spines.
You destroy the freezing wraith!
Makhleb accepts your kill.
You feel better.
The freezing wraith hits you but does no damage. x2
Your Maxwell's patent armour prevents you from hitting the freezing wraith.
The freezing wraith is heavily damaged.
The freezing wraith barely misses you. The freezing wraith misses you.
Unknown command.
Your Maxwell's patent armour prevents you from hitting the freezing wraith.
The freezing wraith is heavily damaged.
The freezing wraith is struck by your spines.
The freezing wraith hits you! The freezing wraith freezes you!
The freezing wraith hits you but does no damage.
Unknown command.
You slice the freezing wraith!!
You destroy the freezing wraith!
Makhleb accepts your kill.
The wolf simulacrum is struck by your spines.
The wolf simulacrum bites you but does no damage.
Unknown command.
Drink which item? (? for menu, Esc to quit)
You feel protected. The wolf simulacrum bites you.
The wolf simulacrum freezes you. You resist.
The wolf simulacrum barely misses you.
The wolf simulacrum bites you but does no damage.
Your Maxwell's patent armour prevents you from hitting the wolf simulacrum.
The wolf simulacrum is struck by your spines.
The wolf simulacrum vapourises!
Makhleb accepts your kill.
You feel better.
Unknown command.
You hit the golden dragon simulacrum.
The golden dragon simulacrum barely misses you.
The golden dragon simulacrum closely misses you.
The golden dragon simulacrum tramples you but does no damage.
Unknown command.
You hit the golden dragon simulacrum. The golden dragon simulacrum bites you!
The golden dragon simulacrum freezes you!!
You resist.
The golden dragon simulacrum barely misses you.
The golden dragon simulacrum closely misses you.
Unknown command.
You slash the golden dragon simulacrum!
The golden dragon simulacrum bites you but does no damage.
The golden dragon simulacrum barely misses you.
The golden dragon simulacrum misses you.
Unknown command.
Drink which item? (? for menu, Esc to quit)
You feel much better. The golden dragon simulacrum bites you.
The golden dragon simulacrum freezes you!!
You resist.
The golden dragon simulacrum closely misses you.
The golden dragon simulacrum tramples you.
The golden dragon simulacrum freezes you!
You resist.
The golden dragon simulacrum is struck by your spines.
The golden dragon simulacrum bites you!
You die...

You could see an ice devil and a golden dragon simulacrum.

Vanquished Creatures
  A greater naga (Snake:2)
  4 ogre magi (Orc:2)
  A naga warrior (Snake:2)
  The ghost of ololoev the Cleaver, a journeyman DsFi of Makhleb (IceCv)
  2 hydras
  Erica (D:9)
  3 anacondas
  3 catoblepae (Lair:8)
  25 death yaks
  An orc high priest (Bailey)
  A shock serpent (Snake:2)
  2 naga ritualists
  The ghost of varam the Cleaver, a novice HOFi of Beogh (Bailey)
  An orc knight (Bailey)
  2 mana vipers (Snake:2)
  An oklob plant (Orc:2)
  An ugly thing (D:11)
  2 griffons
  7 elephants
  2 cyclopes
  2 orc sorcerers
  15 black mambas
  A naga mage (Snake:2)
  4 spiny frogs
  3 molten gargoyles (Volcano)
  An ice statue (IceCv)
  A gargoyle (Volcano)
  A torpor snail (Lair:5)
  2 freezing wraiths (IceCv)
  A centaur skeleton (D:9)
  5 ice devils (IceCv)
  3 anaconda simulacra (IceCv)
  3 rime drakes
  3 trolls
  17 two-headed ogres (Orc:2)
  A polar bear (Lair:4)
  4 blink frogs (Lair:8)
  Sigmund (D:3)
  3 wyverns (Lair:4)
  30 yaks
  2 basilisks
  A fire elemental (Volcano)
  A hungry ghost (D:10)
  A death yak simulacrum (IceCv)
  5 hippogriffs
  2 iron troll simulacra (IceCv)
  5 nagas
  3 harpy simulacra (IceCv)
  15 water moccasins
  A hydra simulacrum (IceCv)
  8 porcupines
  A sky beast (D:6)
  18 orc warriors
  A wasp (D:11)
  A black bear (D:10)
  A phantom (D:5)
  31 ogres
  4 wolves (Lair:8)
  2 crocodiles
  3 giant frogs
  2 scorpions
  A swamp dragon simulacrum (IceCv)
  6 killer bees
  6 wights
  4 electric eels (Bailey)
  A howler monkey (D:7)
  3 draconian simulacra (IceCv)
  A jelly (D:8)
  A quasit (D:8)
  7 orc priests
  2 giant frog skeletons
  2 hounds
  Crazy Yiuf (D:3)
  6 orc wizards
  Terence (D:3)
  4 iguanas
  3 hell rats (Lair:1)
  A polar bear simulacrum (IceCv)
  A spriggan simulacrum (IceCv)
  3 troll simulacra (IceCv)
  3 worker ants
  2 wolf simulacra (IceCv)
  34 sheep
  3 centaur simulacra (IceCv)
  A howler monkey skeleton (D:8)
  14 gnolls
  3 adders
  2 naga simulacra (IceCv)
  An ogre simulacrum (IceCv)
  28 river rats
  4 white imps (IceCv)
  3 ufetubi (IceCv)
  2 oozes
  A worm (D:2)
  A dart slug (D:2)
  3 giant geckos
  42 orcs
  A ball python (D:2)
  12 bats
  A giant cockroach (D:4)
  13 goblins
  9 hobgoblins
  2 kobolds (D:3)
  2 quokkas
  A jackal zombie (D:8)
  12 rats
  5 fungi
  A plant (Lair:6)
531 creatures vanquished.

Vanquished Creatures (collateral kills)
  Rupert (Snake:1)
  Erolcha (D:9)
  An unseen horror (D:11)
  A lindwurm (Volcano)
  A two-headed ogre (D:11)
  A gnoll sergeant (D:11)
  An electric eel (Bailey)
  An orc priest (D:11)
  A river rat (D:11)
  A shadow imp (D:11)
  2 orcs
  A bat (D:11)
  A hobgoblin (Bailey)
  2 rats (D:11)
16 creatures vanquished.

Vanquished Creatures (others)
  An orc wizard (D:8)
  An ufetubus (IceCv)
  A hobgoblin (Bailey)
  4 fungi
  2 plants (Lair:8)
9 creatures vanquished.

Grand Total: 556 creatures vanquished

Action                   |  1- 3 |  4- 6 |  7- 9 | 10-12 | 13-15 || total
-------------------------+-------+-------+-------+-------+-------++-------
Melee: War axe           |    49 |       |    38 |   108 |       ||   195
       Morningstar       |       |    25 |   111 |    42 |       ||   178
       Battleaxe         |       |       |       |   206 |   531 ||   737
       Halberd           |       |       |       |       |     9 ||     9
Throw: Throwing net      |       |     2 |       |       |       ||     2
Invok: Lesser Servant of |       |       |     1 |     6 |     2 ||     9
       Greater Servant o |       |       |       |       |     1 ||     1
Evoke: Wand              |       |     7 |       |     9 |     2 ||    18
       Disc of storms    |       |       |       |       |     2 ||     2
  Use: Potion            |     3 |     1 |     4 |       |     3 ||    11
       Scroll            |       |       |       |    14 |     4 ||    18
 Stab: Invisible         |     1 |       |       |       |       ||     1
       Held in net/web   |       |     1 |       |       |       ||     1
       Distracted        |       |       |     2 |     2 |       ||     4
  Eat: Chunk             |       |       |     3 |    10 |     6 ||    19
       Pizza             |       |       |       |       |     2 ||     2
Armor: Scale mail        |     9 |     9 |    84 |    40 |       ||   142
       Plate armour      |       |       |       |   187 |   478 ||   665
Dodge: Dodged            |    11 |     6 |    86 |   139 |   245 ||   487
Block: Shield            |    24 |     3 |       |       |       ||    27
       Buckler           |       |     3 |    31 |    29 |       ||    63

Vault maps used:
D:1:      onia_arrival_zoo_common
D:2:      xom_redecorated, minmay_overflow_temple_hex, ecumenical_altar_1,
          nicolae_tso_swordbearing_angel
D:3:      columned_hall_lemuel, uniq_terence, uniq_sigmund,
          uniq_crazy_yiuf_cottage
D:4:      minmay_temple_entry_purple_smoke, first_bread
D:5:      kennysheep_decorative_pillar, lemuel_flame_loot_1
D:6:      old_forge, serial_shops, shop_fountains, hex_tiny,
          minmay_statues_item, minmay_misc_feat_x, mrwooster_statue_mirror,
          elyvilon_altar_1
D:7:      the_bakery, nicolae_ru_awakened_eye, uniq_prince_ribbit1
D:8:      kennysheep_little_box
D:9:      grunt_pakellas_sulfur, uniq_erolcha, uniq_erica
D:10:     uniq_josephine
D:11:     grunt_lair_entry_orc_guard_hut, orc_0_dummy, enter_trove_0,
          enter_bailey_3, uniq_fannar
Lair:1:   kennysheep_abandoned_house, worms_lemuel, serial_bayou_shore_a
Lair:2:   dragon1_lemuel, uniq_gastronok
Lair:3:   shoals_dummy_entry, serial_bayou_pond_d, st_stairs_3,
          grunt_forest_large_clearing_hut, serial_bayou_shore_b,
          serial_bayou_shore_b, serial_bayou_shore_b
Lair:4:   guppyfry_snake_entry_garden, beast_lair_carwin_6
Lair:5:   grunt_megastairs_2
Lair:6:   slime_dummy, bh_autumn_forest_stairs, grunt_megastairs_4
Lair:7:   serial_forest, infiniplex_forest_lined_2,
          infiniplex_forest_clump_tiny, infiniplex_forest_end_1,
          infiniplex_forest_pool, infiniplex_forest_lined_3,
          infiniplex_forest_end_1, infiniplex_forest_straight_5,
          infiniplex_forest_lined_2, infiniplex_forest_zigzag_1,
          forest_entry_grove
Lair:8:   evilmike_catoblepas_cave, st_stairs_3, lemuel_fruit_fields,
          lemuel_fruit_tree
Snake:1:  uniq_rupert
Snake:2:  portal_ice_cave_entry_pillars_02
Orc:1:    enter_volcano_4
Orc:2:    st_orc_ogre_mass, mines3_lemuel
Bailey:   bailey_axe_of_yendor_kennysheep, bailey
IceCv:    ice_cave_caverns_03
Volcano:  volcano_aerie
